[Event "42nd Olympiad Baku 2016 Women"]
[Site "Baku"]
[Date "2016.09.08"]
[Round "6.34"]
[White "Tharushi, T H D Niklesha"]
[Black "Aleksandrova, Aleksandra"]
[Result "1-0"]
[ECO "D31"]
[WhiteElo "1584"]
[BlackElo "1848"]
[Annotator ""]
[PlyCount "107"]
[EventDate "2016.??.??"]
[EventType "team-tourn"]
[EventCountry "AZE"]
[SourceTitle "playchess.com"]
[Source "ChessBase"]
[WhiteTeam "SRI"]
[BlackTeam "IPCA"]
[WhiteTeamCountry "SRI"]
[BlackTeamCountry "ISR"]
[TimeControl "40/5400+30:1800+30"]

1. d4 {(00:00} d5 {(00:00} 2. c4 {(00:00} e6 {(
00:00} 3. Nc3 {(00:00} Nf6 {(00:04} 4. cxd5 exd5 {(00:
28} 5. Bg5 {(00:24} Be7 {(00:11} 6. e3 {(00:32} c6 {
(06:06} 7. Bd3 {(00:22} Ne4 {(06:00} 8. Bxe7 {(
03:06} Qxe7 {(00:06} 9. Qc2 {(00:39} f5 {(00:31} 10.
Nxd5 {(02:35} Qd8 {(04:08} 11. Bxe4 {(10:45} cxd5 {
(14:48} 12. Bxd5 {(05:17} Nc6 {(09:48} 13. Bxc6+ {
(06:03} bxc6 {(00:02} 14. Nf3 {(00:21} Qa5+ {(
23:25} 15. Qc3 {(03:33} Qa6 {(04:34} 16. Ne5 {(03:34}
Bd7 {(10:15} 17. Nd3 {(00:50} O-O {(01:49} 18. O-O {
(01:39} Be8 {(00:02} 19. Rfc1 {(01:32} Bf7 {(09:
12} 20. a3 {(19:03} Rac8 {(01:24} 21. Nc5 {(00:55} Qb5
{(01:39} 22. Rc2 {(01:50} Bd5 {(01:20} 23. a4 {(
01:51} Qb8 {(01:59} 24. Nd7 {(04:10} Qd6 {(00:01} 25.
Nxf8 {(00:50} Rxf8 {(00:02} 26. f4 {(00:11} Qe6 {
(00:38} 27. b4 {(01:04} a6 {(00:31} 28. Rb2 {(
02:37} Rb8 {(01:10} 29. Rc1 {(02:30} Qg6 {(01:14} 30.
Qd2 {(02:13} Qe6 {(01:12} 31. Rc3 {(08:17} Qe7 {
(00:02} 32. Rc5 {(01:13} Qe6 {(00:02} 33. Qc3 {(
01:15} Be4 {(01:30} 34. Re5 {(00:40} Qg6 {(00:40} 35.
Qc4+ {(00:53} Kh8 {(00:02} 36. Qxa6 {(00:24} h5 {
(00:49} 37. b5 {(01:09} Qg4 {(01:09} 38. Rxe4 {(
05:30} Qd1+ {(00:49} 39. Kf2 {(00:11} fxe4 {(00:00}
40. b6 {(00:00} Qc1 {(00:00} 41. Qe2 {(01:53} g6 {
(01:48} 42. a5 {(00:14} c5 {(12:33} 43. dxc5 {(
03:09} Qxc5 {(00:29} 44. Qb5 {(00:30} Qc1 {(12:01} 45.
a6 {(01:10} Rf8 {(01:23} 46. Qe5+ {(00:48} Kh7 {
(03:20} 47. b7 {(00:41} Rxf4+ {(02:01} 48. exf4 {
(04:42} e3+ {(00:30} 49. Ke2 {(00:17} Qg1 {(01:
27} 50. b8=Q {(01:56} Qxg2+ {(00:21} 51. Kd3 {(01:11}
Qf1+ {(00:06} 52. Kd4 {(01:36} Qd1+ {(00:09} 53. Kc5 {
(00:09} Qc1+ {(01:47} 54. Kb6 {(00:20} 1-0

[Event "42nd Olympiad Baku 2016 Women"]
[Site "Baku"]
[Date "2016.09.08"]
[Round "6.13"]
[White "Theissl Pokorna, Regina"]
[Black "Houska, Jovanka"]
[Result "1/2-1/2"]
[ECO "B13"]
[WhiteElo "2331"]
[BlackElo "2386"]
[Annotator ""]
[PlyCount "124"]
[EventDate "2016.??.??"]
[EventType "team-tourn"]
[EventCountry "AZE"]
[SourceTitle "playchess.com"]
[Source "ChessBase"]
[WhiteTeam "Austria"]
[BlackTeam "England"]
[WhiteTeamCountry "AUT"]
[BlackTeamCountry "ENG"]
[TimeControl "40/5400+30:1800+30"]

1. e4 {(00:00} c6 {(00:00} 2. d4 {(00:00} d5 {(
00:00} 3. exd5 {(00:00} cxd5 {(00:00} 4. c4 {(00:00}
Nf6 {(00:00} 5. Nc3 {(00:00} Nc6 {(00:00} 6. Bg5 {
(00:57} Ne4 {(00:07} 7. Be3 {(02:44} e5 {(06:14]
} 8. cxd5 {(15:48} Nxc3 {(03:38} 9. bxc3 {(00:06} Qxd5
{(06:22} 10. Nf3 {(11:27} exd4 {(09:19} 11. Nxd4 {
(00:22} Be7 {(00:39} 12. Qb3 {(15:01} Qe4 {(10:
03} 13. Qb1 {(03:07} Qxb1+ {(04:16} 14. Rxb1 {(00:13}
Bf6 {(02:59} 15. Be2 {(01:53} O-O {(03:08} 16. O-O {
(00:44} Nxd4 {(06:42} 17. cxd4 {(01:46} Rd8 {(
04:26} 18. Rfd1 {(06:45} Be7 {(10:49} 19. Bf3 {(12:40}
Rb8 {(00:27} 20. d5 {(00:36} b6 {(18:59} 21. d6 {
(00:53} Bf6 {(00:05} 22. Bf4 {(06:39} g5 {(00:
22} 23. Bg3 {(01:37} Bd7 {(01:41} 24. h3 {(01:55} b5 {
(00:58} 25. Rbc1 {(01:57} a5 {(00:30} 26. Bg4 {(
05:49} b4 {(05:17} 27. Bxd7 {(00:44} Rxd7 {(00:03} 28.
Rc7 {(00:06} Rbd8 {(02:11} 29. Rd5 {(02:56} a4 {
(00:34} 30. Rb5 {(02:36} Rxd6 {(03:33} 31. Bxd6 {
(00:06} Rxd6 {(00:03} 32. Rc8+ {(00:26} Kg7 {(
00:03} 33. Rxb4 {(01:58} Rd1+ {(01:07} 34. Kh2 {(00:05]
} Rd2 {(00:47} 35. Rxa4 {(01:20} Rxf2 {(00:04} 36. Rc1
{(02:39} Be5+ {(01:23} 37. Kg1 {(00:39} Rd2 {(
00:01} 38. Re1 {(01:10} Bd4+ {(00:27} 39. Kh1 {(00:08}
h5 {(00:25} 40. Rc4 {(00:00} Bf2 {(00:00} 41. Rec1 {
(10:16} Rxa2 {(01:05} 42. R4c2 {(00:06} Rxc2 {(
00:37} 43. Rxc2 {(00:02} Bd4 {(00:28} 44. Rc4 {(00:50}
Bf2 {(01:14} 45. Rc2 {(00:57} Bd4 {(00:28} 46. g3 {
(00:21} Be5 {(00:21} 47. Kg2 {(00:56} Kg6 {(00:
45} 48. Rc5 {(02:05} Kf5 {(04:13} 49. g4+ {(04:31}
hxg4 {(00:04} 50. hxg4+ {(00:04} Kf4 {(05:11} 51. Rc4+
{(01:12} Ke3 {(00:05} 52. Ra4 {(00:29} f6 {(00:
08} 53. Ra3+ {(02:18} Kf4 {(00:10} 54. Kh3 {(00:13}
Ke4 {(00:49} 55. Rb3 {(01:10} Kf4 {(00:55} 56. Rb1 {
(00:03} Ke3 {(04:20} 57. Rf1 {(00:26} Bf4 {(00:
27} 58. Kg2 {(00:18} Be5 {(05:10} 59. Rf3+ {(00:16}
Ke2 {(01:05} 60. Ra3 {(00:41} Bd4 {(00:41} 61. Ra4 {
(00:29} Ke3 {(00:29} 62. Ra3+ {(01:31} Ke2 {(00:
09} 1/2-1/2

[Event "42nd Olympiad Baku 2016 Women"]
[Site "Baku"]
[Date "2016.09.08"]
[Round "6.3"]
[White "Thorsteinsdottir, Hallgerdur"]
[Black "Chumpitaz, Ann"]
[Result "1/2-1/2"]
[ECO "C54"]
[WhiteElo "2015"]
[BlackElo "2150"]
[Annotator ""]
[PlyCount "151"]
[EventDate "2016.??.??"]
[EventType "team-tourn"]
[EventCountry "AZE"]
[SourceTitle "playchess.com"]
[Source "ChessBase"]
[WhiteTeam "Iceland"]
[BlackTeam "Peru"]
[WhiteTeamCountry "ISL"]
[BlackTeamCountry "PER"]
[TimeControl "40/5400+30:1800+30"]

1. e4 {(00:00} e5 {(00:00} 2. Nf3 {(00:00} Nc6 {
(00:00} 3. Bc4 {(00:27} Bc5 {(00:00} 4. c3 {(00:
31} Nf6 {(00:05} 5. d3 {(00:15} a6 {(00:44} 6. Bb3 {
(02:26} d6 {(02:12} 7. Nbd2 {(00:40} O-O {(05:
16} 8. Nf1 {(03:18} Ba7 {(04:10} 9. Ng3 {(00:52} Be6 {
(03:27} 10. O-O {(01:53} Qd7 {(15:26} 11. Be3 {(
02:17} d5 {(04:17} 12. Bxa7 {(07:36} Rxa7 {(00:05} 13.
Re1 {(06:42} dxe4 {(02:16} 14. dxe4 {(02:56} Qe8 {
(10:41} 15. Bxe6 {(02:41} Qxe6 {(00:11} 16. Ng5 {
(01:18} Qc4 {(01:24} 17. Qb3 {(13:19} Qxb3 {(07:
42} 18. axb3 {(00:06} Raa8 {(00:05} 19. Red1 {(03:33}
Rfd8 {(00:28} 20. f3 {(02:19} Nd7 {(02:04} 21. b4 {
(05:17} Nb6 {(01:31} 22. Kf2 {(01:30} h6 {(00:
14} 23. Nh3 {(00:13} Nc4 {(15:07} 24. b3 {(00:22} Nd2
{(03:40} 25. b5 {(07:48} Na7 {(16:14} 26. bxa6 {
(01:51} bxa6 {(00:03} 27. b4 {(14:03} Nb5 {(01:
18} 28. Ne2 {(01:05} Rd6 {(00:42} 29. Ke1 {(02:15}
Rad8 {(00:19} 30. Nf2 {(00:59} f6 {(00:35} 31. Ng4 {
(02:18} Nc4 {(04:24} 32. g3 {(08:03} Nba3 {(00:
35} 33. Rxd6 {(00:51} Rxd6 {(00:03} 34. Kf2 {(00:41}
Rd3 {(00:06} 35. h4 {(01:56} h5 {(01:16} 36. Nh2 {
(00:05} Kf7 {(00:34} 37. Nf1 {(00:54} Ke7 {(00:
37} 38. Kg2 {(03:35} Kd7 {(00:13} 39. Kf2 {(00:51} Kc8
{(00:22} 40. Kg2 {(00:00} Kb7 {(00:00} 41. Rc1 {
(04:43} Kb6 {(04:11} 42. g4 {(04:36} hxg4 {(01:
25} 43. fxg4 {(00:07} Nb5 {(01:33} 44. Kf2 {(02:12} g6
{(09:55} 45. h5 {(02:25} gxh5 {(05:07} 46. gxh5 {
(00:08} Rh3 {(00:26} 47. Nfg3 {(01:37} Nbd6 {(
00:04} 48. Kg2 {(03:26} Rh4 {(00:03} 49. Rh1 {(00:51}
Rxh1 {(00:06} 50. Kxh1 {(00:47} c5 {(02:35} 51. Nc1 {
(08:00} cxb4 {(00:04} 52. cxb4 {(00:07} Kb5 {(
01:48} 53. Na2 {(02:57} Nd2 {(01:37} 54. h6 {(01:50}
Nf7 {(00:05} 55. h7 {(00:13} Kc4 {(00:04} 56. Kg2 {
(01:40} Kb3 {(00:35} 57. Nc1+ {(00:55} Kxb4 {(
00:06} 58. Kf2 {(01:40} Kc3 {(00:42} 59. Na2+ {(01:44}
Kb3 {(01:25} 60. Ke2 {(00:30} Nc4 {(05:50} 61. Nc1+ {
(00:02} Kc3 {(00:16} 62. Nh5 {(00:58} a5 {(00:
21} 63. Nxf6 {(00:17} a4 {(00:09} 64. Nd5+ {(00:30}
Kd4 {(02:54} 65. Nf6 {(00:47} a3 {(00:58} 66. Kd1 {
(00:34} Kc3 {(01:19} 67. Nd5+ {(00:06} Kd4 {(00:
09} 68. Nf6 {(00:04} Ncd6 {(01:12} 69. Kc2 {(00:52}
Nxe4 {(00:24} 70. Nxe4 {(00:17} Kxe4 {(00:02} 71. Kb3 {
(00:09} Kf5 {(00:43} 72. Kxa3 {(00:12} Kg6 {(00:
02} 73. Nd3 {(01:22} e4 {(01:12} 74. Ne5+ {(00:24}
Kxh7 {(00:04} 75. Nxf7 {(00:07} e3 {(00:30} 76. Ne5 {
(00:16} 1/2-1/2

[Event "42nd Olympiad Baku 2016 Women"]
[Site "Baku"]
[Date "2016.09.08"]
[Round "6.14"]
[White "Tokhirjonova, Gulrukhbegim"]
[Black "Krivec, Jana"]
[Result "1-0"]
[ECO "C44"]
[WhiteElo "2289"]
[BlackElo "2259"]
[Annotator ""]
[PlyCount "81"]
[EventDate "2016.??.??"]
[EventType "team-tourn"]
[EventCountry "AZE"]
[SourceTitle "playchess.com"]
[Source "ChessBase"]
[WhiteTeam "Uzbekistan"]
[BlackTeam "Slovenia"]
[WhiteTeamCountry "UZB"]
[BlackTeamCountry "SLO"]
[TimeControl "40/5400+30:1800+30"]

1. e4 {(00:00} e5 {(00:00} 2. Nf3 {(00:06} Nc6 {
(00:00} 3. d4 {(00:13} exd4 {(00:37} 4. Nxd4 {(
00:14} Nf6 {(01:27} 5. Nc3 {(00:37} Bb4 {(00:59} 6.
Nxc6 {(00:13} bxc6 {(00:09} 7. Bd3 {(00:03} d5 {
(00:47} 8. exd5 {(00:20} cxd5 {(00:04} 9. O-O {(
00:07} O-O {(00:21} 10. h3 {(00:21} c6 {(09:12} 11.
Qf3 {(00:53} Bd6 {(06:25} 12. Bf4 {(01:33} Rb8 {
(02:20} 13. b3 {(01:02} Rb4 {(01:21} 14. Bxd6 {(
03:32} Qxd6 {(00:05} 15. Ne2 {(00:09} c5 {(31:53} 16.
c3 {(02:11} Rb6 {(05:00} 17. Rad1 {(03:55} Bb7 {
(00:54} 18. Bc2 {(07:41} d4 {(13:20} 19. Qg3 {(
11:07} Qxg3 {(00:06} 20. fxg3 {(05:26} Nd5 {(09:07}
21. cxd4 {(06:05} Ne3 {(00:05} 22. dxc5 {(00:10} Ra6 {
(00:14} 23. Bb1 {(04:10} Bxg2 {(05:32} 24. Rfe1 {
(01:02} Nxd1 {(00:37} 25. Kxg2 {(00:11} Ne3+ {(
03:18} 26. Kf3 {(05:20} Nd5 {(00:18} 27. Rd1 {(00:30}
Rf6+ {(00:50} 28. Ke4 {(04:31} Nb4 {(04:54} 29. Nc3 {
(03:24} a5 {(03:30} 30. a3 {(03:11} Re8+ {(00:
52} 31. Kd4 {(00:02} Nc6+ {(00:20} 32. Kc4 {(00:11} g6
{(00:46} 33. Be4 {(03:33} Ne5+ {(00:22} 34. Kb5 {
(03:29} Rb8+ {(00:06} 35. Ka4 {(00:11} h5 {(00:
59} 36. Bd5 {(03:55} Nd7 {(00:35} 37. Ne4 {(00:49} Rf3
{(00:07} 38. Kxa5 {(00:18} Ne5 {(00:52} 39. c6 {
(00:32} Ra8+ {(00:32} 40. Kb6 {(00:00} Rxa3 {(
00:00} 41. c7 {(05:33} 1-0

[Event "42nd Olympiad Baku 2016 Women"]
[Site "Baku"]
[Date "2016.09.08"]
[Round "6.16"]
[White "Tsuses Patience"]
[Black "Farnela, Nuzela Zacarias Mus"]
[Result "0-1"]
[ECO "C50"]
[WhiteElo "1025"]
[BlackElo "1350"]
[Annotator ""]
[PlyCount "52"]
[EventDate "2016.??.??"]
[EventType "team-tourn"]
[EventCountry "AZE"]
[SourceTitle "playchess.com"]
[Source "ChessBase"]
[WhiteTeam "Namibia"]
[BlackTeam "Mozambique"]
[WhiteTeamCountry "NAM"]
[BlackTeamCountry "MOZ"]
[TimeControl "40/5400+30:1800+30"]

1. e4 {(00:00} e5 {(00:00} 2. Nf3 {(00:00} Nc6 {
(00:00} 3. Bc4 {(00:00} Bc5 {(00:35} 4. Nc3 {(
01:50} Nf6 {(03:14} 5. d3 {(02:38} h6 {(00:06} 6. O-O
{(03:33} d6 {(00:48} 7. h3 {(02:27} O-O {(00:28]
} 8. Bd2 {(12:33} a6 {(07:58} 9. a3 {(01:56} Be6 {
(07:10} 10. Bxe6 {(05:11} fxe6 {(00:14} 11. Be3 {
(08:14} Nd4 {(09:21} 12. Bxd4 {(02:22} exd4 {(
00:32} 13. Ne2 {(02:01} e5 {(00:14} 14. Rb1 {(00:47}
Nh7 {(01:14} 15. b4 {(05:16} Ba7 {(00:30} 16. c3 {
(05:08} dxc3 {(02:27} 17. Qb3+ {(02:35} Rf7 {(
08:30} 18. Qxc3 {(02:37} Ng5 {(01:07} 19. Nxg5 {(04:01]
} Qxg5 {(02:21} 20. Rb2 {(04:58} Raf8 {(01:39} 21. d4 {
(07:18} exd4 {(09:52} 22. Nxd4 {(01:34} Qe5 {(
03:24} 23. Rd2 {(04:41} Qxe4 {(01:07} 24. f3 {(02:10}
Bxd4+ {(01:58} 25. Rxd4 {(00:55} Qe5 {(06:17} 26. Re4 {
(05:51} Qxc3 {(00:11} 0-1

[Event "42nd Olympiad Baku 2016 Women"]
[Site "Baku"]
[Date "2016.09.08"]
[Round "6.27"]
[White "Turunen, Tiina"]
[Black "Zienab mustafa mansour"]
[Result "1-0"]
[ECO "D10"]
[WhiteElo "1773"]
[BlackElo "1195"]
[Annotator ""]
[PlyCount "65"]
[EventDate "2016.??.??"]
[EventType "team-tourn"]
[EventCountry "AZE"]
[SourceTitle "playchess.com"]
[Source "ChessBase"]
[WhiteTeam "Finland"]
[BlackTeam "Sudan"]
[WhiteTeamCountry "FIN"]
[BlackTeamCountry "SUD"]
[TimeControl "40/5400+30:1800+30"]

1. d4 {(00:00} d5 {(00:00} 2. c4 {(00:00} c6 {(
00:00} 3. Nc3 {(00:35} Nf6 {(00:17} 4. Bg5 {(00:34}
dxc4 {(01:12} 5. a4 {(00:36} Nbd7 {(02:39} 6. e3 {
(01:49} a5 {(03:04} 7. Bxc4 {(01:58} Nb6 {(00:
34} 8. Be2 {(02:37} e6 {(03:34} 9. Nf3 {(00:19} Bb4 {
(01:10} 10. O-O {(00:50} O-O {(03:51} 11. Qc2 {(
01:45} Be7 {(08:02} 12. Rfd1 {(03:32} Nfd5 {(02:58}
13. Bxe7 {(03:03} Qxe7 {(00:33} 14. Ne4 {(05:26} h6 {
(02:33} 15. Ne5 {(04:11} Nd7 {(12:32} 16. Nd3 {(
02:53} N7f6 {(04:51} 17. Ng3 {(05:15} Nb4 {(11:43} 18.
Nxb4 {(08:59} Qxb4 {(02:47} 19. Rd3 {(01:28} Qd6 {
(02:22} 20. e4 {(02:32} e5 {(01:02} 21. Rad1 {(
15:53} Bg4 {(01:49} 22. f3 {(00:36} Bh5 {(01:19} 23.
Nf5 {(03:44} Qe6 {(01:49} 24. dxe5 {(03:40} Qxe5 {
(01:01} 25. b3 {(04:26} Bg6 {(01:40} 26. Ne3 {(
00:39} Nh5 {(03:35} 27. Ng4 {(03:21} Qe6 {(01:27} 28.
Rd6 {(00:31} Qe8 {(01:37} 29. Qc4 {(01:23} Qb8 {
(04:40} 30. Rxg6 {(05:20} Qa7+ {(01:07} 31. Kf1 {
(01:40} Kh8 {(00:57} 32. Rgd6 {(01:06} Qb6 {(05:
07} 33. Qc3 {(01:50} 1-0

[Event "42nd Olympiad Baku 2016 Women"]
[Site "Baku"]
[Date "2016.09.08"]
[Round "6.13"]
[White "Unuk, Laura"]
[Black "Muminova, Nafisa"]
[Result "1/2-1/2"]
[ECO "D11"]
[WhiteElo "2332"]
[BlackElo "2324"]
[Annotator ""]
[PlyCount "85"]
[EventDate "2016.??.??"]
[EventType "team-tourn"]
[EventCountry "AZE"]
[SourceTitle "playchess.com"]
[Source "ChessBase"]
[WhiteTeam "Slovenia"]
[BlackTeam "Uzbekistan"]
[WhiteTeamCountry "SLO"]
[BlackTeamCountry "UZB"]
[TimeControl "40/5400+30:1800+30"]

1. d4 {(00:00} d5 {(00:00} 2. c4 {(00:00} c6 {(
00:00} 3. Nf3 {(00:05} Nf6 {(00:00} 4. e3 {(00:14} Bg4
{(00:17} 5. h3 {(00:21} Bh5 {(00:08} 6. Nc3 {(
00:12} e6 {(00:57} 7. Qb3 {(00:42} Qc7 {(00:15} 8. Nh4
{(01:38} Nbd7 {(01:25} 9. Bd2 {(01:06} Be7 {(12:
55} 10. g4 {(01:10} Bg6 {(00:12} 11. Nxg6 {(00:28}
hxg6 {(00:07} 12. Bg2 {(00:15} O-O {(04:09} 13. Rc1 {
(09:11} dxc4 {(10:39} 14. Qxc4 {(00:10} Rad8 {(
10:18} 15. O-O {(11:27} e5 {(07:27} 16. Ne2 {(12:11}
exd4 {(08:16} 17. Nxd4 {(02:57} Ne5 {(01:48} 18. Qe2 {
(04:58} g5 {(05:26} 19. Rfd1 {(16:28} Rfe8 {(02:
43} 20. Be1 {(02:05} Bf8 {(06:59} 21. Qc2 {(05:06} g6
{(05:23} 22. Nf3 {(05:51} Nxf3+ {(05:32} 23. Bxf3 {
(00:05} Bd6 {(01:06} 24. Qa4 {(02:20} Qe7 {(04:
05} 25. Qxa7 {(13:02} Ra8 {(03:11} 26. Qb6 {(02:31}
Rxa2 {(01:13} 27. Bc3 {(00:10} Ra6 {(04:58} 28. Qb3 {
(03:01} Bb8 {(01:16} 29. Qc4 {(01:20} Be5 {(01:
14} 30. Bxe5 {(01:38} Qxe5 {(00:02} 31. Qb4 {(00:30}
Qe7 {(01:02} 32. Qd4 {(03:11} Ra5 {(00:29} 33. b4 {
(00:23} Ra2 {(01:53} 34. Rb1 {(01:36} Ne4 {(00:
40} 35. Bxe4 {(00:30} Qxe4 {(00:04} 36. Qxe4 {(00:06}
Rxe4 {(00:04} 37. b5 {(00:57} Rc4 {(00:26} 38. b6 {
(00:30} Rcc2 {(00:10} 39. Rd7 {(00:23} Rxf2 {(
00:15} 40. Rxb7 {(00:00} Rg2+ {(00:00} 41. Kh1 {(01:10]
} Rh2+ {(00:22} 42. Kg1 {(00:04} Rhg2+ {(00:08} 43. Kh1
{(00:06} 1/2-1/2

[Event "42nd Olympiad Baku 2016 Women"]
[Site "Baku"]
[Date "2016.09.08"]
[Round "6.7"]
[White "Varela La Madrid, Tilsia Carolina"]
[Black "Rivera, Ingris"]
[Result "1-0"]
[ECO "B22"]
[WhiteElo "2035"]
[BlackElo "2201"]
[Annotator ""]
[PlyCount "60"]
[EventDate "2016.??.??"]
[EventType "team-tourn"]
[EventCountry "AZE"]
[SourceTitle "playchess.com"]
[Source "ChessBase"]
[WhiteTeam "Venezuela"]
[BlackTeam "Colombia"]
[WhiteTeamCountry "VEN"]
[BlackTeamCountry "COL"]
[TimeControl "40/5400+30:1800+30"]

1. e4 {(00:00} c5 {(00:00} 2. c3 {(00:00} Nf6 {(
00:00} 3. e5 {(00:12} Nd5 {(00:17} 4. d4 {(00:13} cxd4
{(00:38} 5. Nf3 {(00:10} Nc6 {(00:57} 6. cxd4 {(
00:25} e6 {(00:43} 7. Nc3 {(01:15} Nxc3 {(03:35} 8.
bxc3 {(00:11} d6 {(00:04} 9. Bf4 {(05:50} Be7 {(
02:48} 10. Bd3 {(01:58} a6 {(04:11} 11. O-O {(01:19}
dxe5 {(11:34} 12. dxe5 {(05:06} Qc7 {(03:26} 13. Qe2 {
(01:01} Bd7 {(03:00} 14. Nd2 {(02:44} Rd8 {(12:
00} 15. Nc4 {(02:01} Na5 {(02:31} 16. Nd6+ {(02:50}
Bxd6 {(03:45} 17. exd6 {(00:12} Qxc3 {(02:48} 18. Be5 {
(00:19} Qa3 {(00:35} 19. Bxg7 {(01:59} Rg8 {(00:
50} 20. Bf6 {(00:31} Bc6 {(01:18} 21. f3 {(01:19} Rxd6
{(01:45} 22. Bxh7 {(01:30} Bb5 {(03:23} 23. Qc2 {
(02:35} Rxg2+ {(33:24} 24. Qxg2 {(01:03} Bxf1 {(
00:31} 25. Rxf1 {(02:31} Kd7 {(04:05} 26. Be4 {(00:58}
Nc6 {(01:08} 27. Qg8 {(04:44} Qc5+ {(02:48} 28. Kh1 {
(00:25} Qh5 {(00:39} 29. Bxc6+ {(01:37} Kxc6 {(
00:12} 30. Qc8+ {(03:27} Kd5 1-0

[Event "42nd Olympiad Baku 2016 Women"]
[Site "Baku"]
[Date "2016.09.08"]
[Round "6.5"]
[White "Varona-Thomas, Maria"]
[Black "Cho, Hung-Ling"]
[Result "1-0"]
[ECO "C37"]
[WhiteElo "1775"]
[BlackElo "1515"]
[Annotator ""]
[PlyCount "67"]
[EventDate "2016.??.??"]
[EventType "team-tourn"]
[EventCountry "AZE"]
[SourceTitle "playchess.com"]
[Source "ChessBase"]
[WhiteTeam "Guyana"]
[BlackTeam "Taiwan"]
[WhiteTeamCountry "GUY"]
[BlackTeamCountry "TPE"]
[TimeControl "40/5400+30:1800+30"]

1. e4 {(00:00} e5 {(00:00} 2. f4 {(00:00} exf4 {
(00:00} 3. Nf3 {(00:00} g5 {(00:00} 4. Bc4 {(00:
00} Nc6 {(07:16} 5. O-O {(00:52} d6 {(03:18} 6. d4 {
(03:11} Bg7 {(02:02} 7. c3 {(06:20} Qe7 {(07:01]
} 8. Qb3 {(22:48} Rb8 {(21:20} 9. Nxg5 {(06:24} Qxg5 {
(09:36} 10. Bxf7+ {(00:05} Kd8 {(05:54} 11. Bxf4 {
(01:05} Qe7 {(04:04} 12. Bxg8 {(00:14} Bg4 {(27:
54} 13. Qf7 {(13:55} Qxf7 {(01:38} 14. Bxf7 {(00:31}
Rf8 {(00:02} 15. Bg5+ {(00:50} Kd7 {(00:29} 16. Nd2 {
(00:14} h6 {(02:38} 17. Bh4 {(01:32} Nd8 {(01:
25} 18. Bb3 {(01:09} Ne6 {(01:00} 19. h3 {(03:09} Bh5
{(01:17} 20. Bg3 {(04:00} c6 {(01:07} 21. Nc4 Rxf1+ {
(01:19} 22. Rxf1 {(04:27} Ng5 {(00:09} 23. Nxd6 {
(01:42} Rf8 {(01:08} 24. e5 {(01:13} Rxf1+ {(00:
41} 25. Kxf1 {(00:04} Ne6 {(00:32} 26. Nxb7 {(00:31}
Nc7 {(00:35} 27. Nc5+ {(00:40} Ke7 {(00:27} 28. Bh4+ {
(00:59} Ke8 {(00:08} 29. Ne4 {(04:18} Nd5 {(00:
35} 30. Bxd5 {(05:07} cxd5 {(00:02} 31. Nf6+ {(00:14}
Bxf6 {(00:51} 32. Bxf6 {(00:03} Bf7 {(00:14} 33. Kf2 {
(00:20} h5 {(00:14} 34. Kg3 {(00:30} 1-0

[Event "42nd Olympiad Baku 2016 Women"]
[Site "Baku"]
[Date "2016.09.08"]
[Round "6.5"]
[White "Vazquez Maccarini, Danitza"]
[Black "Lagutina, Olga"]
[Result "1-0"]
[ECO "B50"]
[WhiteElo "2142"]
[BlackElo "1910"]
[Annotator ""]
[PlyCount "115"]
[EventDate "2016.??.??"]
[EventType "team-tourn"]
[EventCountry "AZE"]
[SourceTitle "playchess.com"]
[Source "ChessBase"]
[WhiteTeam "Puerto Rico"]
[BlackTeam "ICCD"]
[WhiteTeamCountry "PUR"]
[BlackTeamCountry "RUS"]
[TimeControl "40/5400+30:1800+30"]

1. e4 {(00:00} c5 {(00:00} 2. Nf3 {(00:00} d6 {(
00:00} 3. d4 {(01:49} cxd4 {(00:03} 4. Qxd4 {(00:21}
Nc6 {(01:26} 5. Bb5 {(00:11} Bd7 {(01:50} 6. Qd3 {
(00:24} Nf6 {(03:03} 7. c4 {(00:34} g6 {(10:56}
8. Nc3 {(01:05} Nb4 {(03:44} 9. Bxd7+ {(04:12} Qxd7 {
(06:52} 10. Qe2 {(00:33} Bg7 {(02:39} 11. O-O {(
01:56} O-O {(00:39} 12. Rb1 {(05:05} Rac8 {(04:49} 13.
a3 {(00:52} Nc6 {(00:42} 14. b4 {(01:06} Ng4 {(
01:59} 15. Bb2 {(01:42} Nge5 {(04:02} 16. Nxe5 {(20:37]
} Nxe5 {(03:46} 17. c5 {(01:27} dxc5 {(02:43} 18. Rfd1
{(01:48} Qe6 {(05:53} 19. bxc5 {(04:40} Rxc5 {(
01:40} 20. Nd5 {(00:29} b6 {(03:20} 21. Bd4 {(02:55}
Ra5 {(09:53} 22. Bc3 {(03:34} Ra4 {(03:28} 23. Bb4 {
(03:04} Qg4 {(09:23} 24. f3 {(04:10} Qh5 {(10:
03} 25. Nxe7+ {(09:32} Kh8 {(00:07} 26. Rd5 {(01:29}
Rxb4 {(05:45} 27. axb4 {(00:29} Qh4 {(00:21} 28. f4 {
(03:55} Qxf4 {(03:11} 29. Rdd1 {(00:36} Ng4 {(
01:14} 30. g3 {(00:24} Qg5 {(00:25} 31. Nc6 {(01:23}
Re8 {(00:54} 32. Rb3 {(05:28} h5 {(00:28} 33. h4 {
(02:12} Qf6 {(00:30} 34. b5 {(03:07} Qe6 {(00:
24} 35. Rbd3 {(03:10} Qc4 {(00:25} 36. R3d2 {(00:47}
Qc5+ {(00:43} 37. Kh1 {(01:47} Bh6 {(00:01} 38. Rc2 {
(00:33} Qa3 {(00:34} 39. Qd3 {(01:03} Qa4 {(00:
50} 40. Qd4+ {(00:00} Qxd4 {(00:00} 41. Rxd4 {(00:25}
Be3 {(00:57} 42. Rd8 {(00:36} Rxd8 {(00:11} 43. Nxd8 {
(00:02} Nf2+ {(00:38} 44. Kg2 {(00:09} Nd3 {(00:
32} 45. Nxf7+ {(00:32} Kg7 {(00:03} 46. Rc7 {(00:06}
Kf6 {(00:37} 47. Rxa7 {(00:24} Ne1+ {(01:28} 48. Kf1 {
(00:30} Nc2 {(00:11} 49. Nd6 {(02:19} Bc5 {(00:
31} 50. Nc4 {(00:30} Nd4 {(05:36} 51. Nxb6 {(00:59}
Nxb5 {(07:34} 52. Nd7+ {(00:43} Ke7 {(00:54} 53. Rb7 {
(00:19} Be3 {(02:47} 54. Nb8+ {(00:17} Kf6 {(01:
10} 55. Rxb5 {(00:05} g5 {(00:08} 56. hxg5+ {(00:16}
Bxg5 {(00:10} 57. Nd7+ {(00:03} Kg6 {(00:19} 58. Nf8+ {
(00:19} 1-0